 Dungeon Crawl Stone Soup version 0.29-a0-598-gd8304a5bf4 (webtiles) character file.

Game seed: 11917732893018047935

2510 happo123 the Ruffian (level 9, 0/83 HPs)
             Began as a Troll Transmuter on June 15, 2022.
             Was an Initiate of Okawaru.
             Slain by a steam dragon (9 damage)
             ... on level 8 of the Dungeon.
             The game lasted 00:25:08 (5635 turns).

happo123 the Ruffian (Troll Transmuter)             Turns: 5635, Time: 00:25:08

Health: 0/83       AC:  4    Str: 20    XL:     9   Next: 28%
Magic:  10/12      EV: 10    Int: 13    God:    Okawaru [......]
Gold:   423        SH:  0    Dex: 10    Spells: 11/14 levels left

rFire   . . .      SeeInvis .     - Unarmed
rCold   + . .      Faith    .   (no shield)
rNeg    . . .      Spirit   .   a - +0 robe
rPois   .          Reflect  .   (helmet currently unavailable)
rElec   .          Harm     .   (no cloak)
rCorr   .          Rampage  .   (gloves unavailable)
Will    .....                   (boots unavailable)
Stlth   +.........              (no amulet)
HPRegen 1.03/turn               g - ring of protection from cold
MPRegen 0.13/turn               (no ring)

@: appendages, wereblooded
A: horns 2, talons 2, large, unfitting armour, claws 3, regeneration 1, shaggy
fur 1, tough skin 1
a: End Transformation, Renounce Religion


You were on level 8 of the Dungeon.
You worshipped Okawaru.
Okawaru was noncommittal.
You had temporarily grown beastly horns and talons.
You visited 2 branches of the dungeon, and saw 9 of its levels.
You also visited: Ossuary.

You collected 423 gold pieces.

Inventory:

Hand Weapons
 b - a +3 flail of protection
 F - a +2 war axe of freezing
Armour
 a - a +0 robe (worn)
Magical Staves
 H - a staff of earth
Jewellery
 g - a ring of protection from cold (left claw)
 h - a ring of positive energy
Wands
 q - a wand of iceblast (16)
 x - a wand of polymorph (2)
 z - a wand of digging (6)
 E - a wand of flame (10)
Scrolls
 c - 3 scrolls of vulnerability
 e - 2 scrolls of identify
 k - a scroll of acquirement {unknown}
 l - 2 scrolls of brand weapon
 n - 6 scrolls of enchant weapon
 r - a scroll of summoning
 s - a scroll of enchant armour {unknown}
 t - a scroll of amnesia {unknown}
 v - 6 scrolls of noise
 w - a scroll of silence {unknown}
 y - 2 scrolls of fear {unknown}
 C - 3 scrolls of blinking {unknown}
 D - a scroll of immolation
Potions
 d - 2 potions of flight {unknown}
 f - a potion of magic {unknown}
 i - 6 potions of mutation {unknown}
 j - 2 potions of ambrosia {unknown}
 m - 7 potions of curing {unknown}
 o - 2 potions of might {unknown}
 p - 2 potions of haste {unknown}
 u - a potion of resistance {unknown}
 A - a potion of berserk rage {unknown}
 B - a potion of attraction {unknown}
 G - a potion of invisibility {unknown}


   Skills:
 + Level 3.6 Fighting
 + Level 3.9 Dodging
 * Level 7.1 Unarmed Combat
 + Level 3.0 Spellcasting
 * Level 5.0 Transmutations
 + Level 3.0 Ice Magic


You had 11 spell levels left.
You knew the following spells:

 Your Spells              Type           Power      Damage    Failure   Level
a - Beastly Appendage     Tmut           30%        N/A       3%          1
b - Wereblood             Tmut           15%        N/A       4%          2

Your spell library contained the following spells:

 Spells                   Type           Power      Damage    Failure   Level
 Passwall                 Tmut/Erth      6%         N/A       12%         2
 Ensorcelled Hibernation  Hex/Ice        10%        N/A       19%         2
 Spider Form              Tmut/Pois      8%         N/A       24%         3
 Ice Form                 Ice/Tmut       12%        N/A       41%         4
 Swiftness                Air            1%         N/A       56%         3


Dungeon Overview and Level Annotations

Branches:
Dungeon (8/15)             Temple (1/1) D:5         Ossuary (visited)
   Lair: D:8-11

Altars:
Ashenzari
Cheibriados
Dithmenos
Elyvilon
Fedhas
Gozag
Hepliaklqana
Kikubaaqudgha
Makhleb
Okawaru
Qazlal
Sif Muna
Trog
Uskayaw
Vehumet
Wu Jian
Xom
Yredelemnul
Zin
The Shining One


Innate Abilities, Weirdness & Mutations

You have temporarily grown beastly horns and talons.
You are too large for most types of armour.
You have claws for hands.
Your natural rate of healing is unusually fast.
You are covered in fur. (AC +1)
You have tough skin. (AC +1)


Message History

A kobold brigand and a kobold come into view.
The kobold brigand is wielding a +0 short sword and quivering curare-tipped darts.
The kobold brigand shouts!
The kobold shouts! x2
The kobold brigand moves out of view.
A goblin comes into view. It is wielding a +0 hand axe. x2
The steam dragon bites you but does no damage.
The steam dragon claws you but does no damage.
You barely miss the steam dragon.
The goblin shouts!
Your kick misses the steam dragon. Your headbutt misses the steam dragon.
The steam dragon breathes steam at you. The ball of steam hits you!
A goblin comes into view. It is wielding a +0 hand axe.
You scratch the steam dragon.
You claw the steam dragon, but do no damage.
The steam dragon is lightly wounded.
You are engulfed in a cloud of scalding steam.
The steam dragon bites you but does no damage.
The steam dragon claws you.
You closely miss the steam dragon. You headbutt the steam dragon.
The steam dragon is moderately wounded.
You are engulfed in a cloud of scalding steam.
The steam dragon closely misses you.
The steam dragon claws you but does no damage.
You claw the steam dragon!
The steam dragon is heavily wounded.
The kobold brigand hits you with a +0 short sword.
The steam dragon bites you! The steam dragon claws you.
* * * LOW HITPOINT WARNING * * *
You closely miss the steam dragon.
The steam dragon is heavily wounded.
The kobold brigand hits you with a +0 short sword.
* * * LOW HITPOINT WARNING * * *
The steam dragon bites you!
* * * LOW HITPOINT WARNING * * *
The steam dragon barely misses you.
As you read the scroll of summoning, it crumbles to dust.
Wisps of shadow whirl around you...
The shadows disperse without effect.
The steam dragon bites you!
You die...

.. #.......#
#.......#
#.......#
#.......##
#........+ #
#........# .
..........# .
..........# .
........K@# .
.......g.D# .
.........K. .
........g.. .
........... .
............ .
.......≈≈≈≈≈≈
.
.......≈##.##≈
.


You could see a steam dragon, a kobold brigand, 2 goblins and a kobold.

Vanquished Creatures
  A dream sheep (D:7)
  Eustachio (D:5)
  Menkaure (D:6)
  Edmund (D:6)
  A water moccasin (D:6)
  An ice beast (D:6)
  A sky beast (D:6)
  An ogre (D:4)
  A black bear (D:6)
  2 phantoms
  Blork the orc (D:5)
  3 necrophages (D:6)
  3 scorpions
  A howler monkey (D:7)
  A lava snake (D:7)
  2 centaur zombies (Ossuary)
  3 human zombies (Ossuary)
  A jelly (D:6)
  An orc priest (D:7)
  4 hounds (D:5)
  2 gnoll shamans
  2 orc wizards (D:5)
  4 iguanas
  4 mummies (Ossuary)
  5 gnolls (D:5)
  9 adders
  2 white imps
  An ufetubus (D:4)
  2 worms
  4 dart slugs
  11 orcs
  10 ball pythons
  10 bats
  8 endoplasms
  5 giant cockroaches
  A gnoll zombie (Ossuary)
  8 hobgoblins
  6 jackals
  5 goblins
  2 goblin zombies (Ossuary)
  7 kobolds
  7 rats
146 creatures vanquished.

Notes
Turn   | Place    | Note
-------+----------+-------------------------------------------
     0 | D:1      | happo123 the Troll Transmuter began the quest for the Orb.
     0 | D:1      | Reached XP level 1. HP: 18/18 MP: 1/1
    63 | D:1      | Reached XP level 2. HP: 26/26 MP: 0/2
   196 | D:1      | Reached skill level 1 in Fighting
   362 | D:1      | Reached XP level 3. HP: 33/33 MP: 4/4
   365 | D:1      | Learned a level 2 spell: Wereblood
   651 | D:2      | Found an opulent altar of Gozag.
   809 | D:2      | Found a faded altar of an unknown god.
   996 | D:2      | Reached XP level 4. HP: 41/41 MP: 1/5
  1613 | D:3      | Found a white marble altar of Elyvilon.
  2078 | D:4      | Noticed an ogre
  2085 | D:4      | Killed an ogre
  2086 | D:4      | Reached skill level 4 in Unarmed Combat
  2086 | D:4      | Reached skill level 1 in Ice Magic
  2086 | D:4      | Reached XP level 5. HP: 46/48 MP: 2/6
  2154 | D:4      | Reached XP level 6. HP: 52/57 MP: 5/7
  2540 | D:4      | Found an ornate altar of the Wu Jian Council.
  2734 | D:4      | Found a burning altar of Makhleb.
  3077 | D:5      | Entered Level 5 of the Dungeon
  3358 | D:5      | Noticed Blork the orc
  3367 | D:5      | Killed Blork the orc
  3368 | D:5      | Reached XP level 7. HP: 50/65 MP: 5/9
  3490 | D:5      | Reached skill level 5 in Unarmed Combat
  3513 | D:5      | Noticed Eustachio
  3518 | D:5      | Found a staircase to the Ecumenical Temple.
  3560 | D:5      | Killed Eustachio
  3577 | Temple   | Entered the Ecumenical Temple
  3841 | D:5      | Found a shimmering blue altar of Sif Muna.
  3972 | D:6      | Noticed Menkaure
  3984 | D:6      | Killed Menkaure
  3985 | D:6      | Reached XP level 8. HP: 17/74 MP: 10/10
  3996 | D:6      | Found a sand-covered staircase.
  4014 | Ossuary  | Entered an ossuary
  4168 | Ossuary  | Reached skill level 6 in Unarmed Combat
  4598 | D:6      | Noticed Edmund
  4620 | D:6      | Killed Edmund
  4621 | D:6      | Reached XP level 9. HP: 19/83 MP: 12/12
  5030 | Temple   | Became a worshipper of Warmaster Okawaru
  5096 | D:7      | Reached skill level 7 in Unarmed Combat
  5189 | D:7      | Reached skill level 5 in Transmutations
  5368 | D:7      | Found an ancient bone altar of Kikubaaqudgha.
  5635 | D:8      | Slain by a steam dragon

Illustrated notes

Levels and vault maps discovered:
D:1:      co_arrival_square_in_a_square_in_a_square, layout_loops_cross,
          serial_glass, glass_columns_b, glass_columns_a
D:2:      layout_loops_ring, ebering_ecumenical_altar_abandoned, basic_altar
D:3:      layout_basic, old_standard_altar
D:4:      layout_layer_cave, mainiacjoe_overflow_alcove_4,
          nicolae_wu_jian_wuxing_cycle
D:5:      layout_basic, mainiacjoe_overflow_chevrons, minmay_temple_entry_ruins,
          uniq_eustachio, uniq_blork_the_orc
D:6:      layout_cave_pods, nicolae_ossuary_entry_monument, uniq_edmund,
          uniq_menkaure
D:7:      layout_rooms, mainiacjoe_overflow_brackets, kennysheep_big_empty_room,
          dreamdust_gnoll_shepherd
D:8:      layout_gridville, mainiacjoe_overflow_alcove_2, enter_bailey_3,
          minmay_shop_mass
Temple:   regret_index_temple_waves

Skill      XL: |  1  2  3  4  5  6  7  8  9 |
---------------+----------------------------+-----
Fighting       | 1 2 3 |  3.6
Transmutations | 2 3 4 5 |  5.0
Dodging        | 2 3 |  3.9
Unarmed Combat | 4 5 6 7 |  7.1
Ice Magic      | 1 2 3 |  3.0
Spellcasting   | 2 3 |  3.0

Action                   |  1- 3 |  4- 6 |  7- 9 || total
-------------------------+-------+-------+-------++-------
Melee: Unarmed           |   106 |    95 |   208 ||   409
       Kick              |     8 |    16 |    35 ||    59
       Headbutt          |     4 |    11 |    26 ||    41
       Punch             |       |       |     7 ||     7
 Cast: Beastly Appendage |    11 |    10 |    21 ||    42
       Wereblood         |     1 |     3 |     7 ||    11
  Use: Potion            |       |       |     1 ||     1
       Scroll            |       |       |     5 ||     5
Armor: Robe              |    58 |    14 |    56 ||   128
       Skin              |       |       |     6 ||     6
Dodge: Dodged            |    54 |    38 |   116 ||   208

Table legend: (Time is in decaauts)
 A = Elapsed time spent in this place.
 B = Non-inter-level travel time spent in this place.
 C = Inter-level travel time spent in this place.
 D = Time resting spent in this place.
 E = Time spent auto-exploring this place.
 F = Levels seen in this place.
 G = Mean time per level.
                   A        B        C        D        E       F      G
               +--------+--------+--------+--------+--------+-----+--------+
         Total |   5599 |   4578 |   1021 |    110 |   3172 |  10 |  559.9 |
       Dungeon |   5146 |   4173 |    973 |     55 |   3078 |   8 |  643.2 |
        Temple |    157 |    109 |     48 |      0 |     94 |   1 |  157.0 |
       Ossuary |    295 |    295 |      0 |     55 |      0 |   1 |  295.0 |
               +--------+--------+--------+--------+--------+-----+--------+

Top non-repeatable levels by time:
     D:4: 1123 daAuts
     D:6: 817 daAuts
     D:5: 711 daAuts
     D:3: 694 daAuts
     D:1: 636 daAuts
     D:2: 611 daAuts
     D:7: 411 daAuts
 Ossuary: 295 daAuts
  Temple: 157 daAuts
     D:8: 140 daAuts
